 Dungeon Crawl Stone Soup version 0.16-a0-324-g99bef82 (webtiles) character file.

66 PolkaDot the Caller (level 3, -1/24 HPs)
             Began as a Vampire Summoner on Sept 3, 2014.
             Slain by an iron imp (11 damage)
             ... on Level 2 of the Dungeon.
             The game lasted 00:04:56 (1938 turns).

PolkaDot the Caller (Vampire Summoner)              Turns: 1938, Time: 00:04:56

HP  -1/24        AC  4     Str  7      XL: 3   Next: 96%
MP   0/6         EV 12     Int 18      God:
Gold 50          SH  0     Dex 14      Spells:  3 memorised,  0 levels left

rFire  + . .     SeeInvis +     c - +2 dagger (freeze)
rCold  x . .     Clarity  .     a - +0 robe
rNeg   . . .     rCorr    .     (no shield)
rPois  .         rRot     .     (no helmet)
rElec  .         Spirit   .     (no cloak)
SustAb .         Warding  .     k - +1 pair of gloves
rMut   .         Stasis   .     (no boots)
Gourm  .                        (no amulet)
MR     .....                    (no ring)
                                d - ring of fire

@: regenerating quickly, not resistant to hostile enchantments, unstealthy
A: fangs 3, see invisible, unbreathing
a: no special abilities


You were on level 2 of the Dungeon.
You were full.

You visited 1 branch of the dungeon, and saw 2 of its levels.

You collected 50 gold pieces.

Inventory:

Hand weapons
 c - a +2 dagger of freezing (weapon)
Armour
 a - a +0 robe (worn)
 k - a +1 pair of gloves (worn)
Scrolls
 e - 2 scrolls of identify {unknown}
 f - 3 scrolls of remove curse {unknown}
Jewellery
 d - a ring of fire (left hand)
Potions
 g - a potion of haste {unknown}
 h - a potion of heal wounds {unknown}
 i - a potion of degeneration {unknown}
 j - a potion of invisibility {unknown}
Books
 b - a book of Callings

   Spells                             Type                      Level
   *Summon Small Mammal               Summoning                    1
   *Call Imp                          Summoning                    2
   *Call Canine Familiar              Summoning                    3
   Summon Guardian Golem              Hexes/Summoning              4
   Summon Lightning Spire             Summoning/Air                4
   Summon Ice Beast                   Ice/Summoning                4


   Skills:
 - Level 2.1 Dodging
 - Level 3.0 Stealth
 - Level 2.0 Spellcasting
 * Level 5.6 Summonings


You couldn't memorise any spells.
You knew the following spells:

 Your Spells              Type           Power        Failure   Level  Hunger
a - Summon Small Mammal   Summ           ###.         1%          1    #......
d - Call Canine Familiar  Summ           ###.....     6%          3    ####...
s - Call Imp              Summ           ###.....     2%          2    ##.....


Dungeon Overview and Level Annotations

Branches:
Dungeon (2/15)

Altars:
Makhleb


Innate Abilities, Weirdness & Mutations

Your natural rate of healing is unusually fast.
You have razor-sharp teeth.
You have supernaturally acute eyesight.
You can survive without breathing.


Message History

A beastly little devil appears in a puff of flame.
The iron imp closely misses you.
Casting: Call Imp
Confirm with . or Enter, or press ? or * to list all spells.
A beastly little devil appears in a puff of flame.
* * * LOW MAGIC WARNING * * *
Your crimson imp hits the iron imp but does no damage.
Casting: Call Imp
Confirm with . or Enter, or press ? or * to list all spells.
A beastly little devil appears in a puff of flame.
* * * LOW MAGIC WARNING * * *
The iron imp hits you.
* * * LOW HITPOINT WARNING * * *
Your crimson imp hits the iron imp but does no damage.
Your crimson imp hits the iron imp.
You closely miss the iron imp.
The iron imp is heavily wounded.
The iron imp shouts, "Remove thy stench, thou odious rude-growing buzzard-bait!"
The iron imp hits you!
You die...

#.###..##.# #....
#######......##.#
####....
.......%..#......#
#.......
#######......####
#.#..... #.###..#
#.#.....
######...#
#.#.....
#≈≈≈.##.##
####.###...
##≈55.#.#
#..........
#∩_.5@'.#
#.##.......
##≈≈≈5###
#.##.##.###
#≈≈≈.##
#....##.##. ######
#..####.##.
#..####.##.
#.......##.
###.######. #.# ##
#.#


You could see an iron imp and 3 friendly crimson imps.

Vanquished Creatures
  3 adders (D:2)
  5 bats
  A giant cockroach (D:2)
  3 hobgoblins
  A quokka (D:2)
  A giant newt (D:1)
  4 goblins
  5 jackals
  8 kobolds
  A rat (D:1)
32 creatures vanquished.

Vanquished Creatures (collateral kills)
  A worm (D:2)
  An ooze (D:2)
  3 goblins
  2 jackals (D:1)
  A rat (D:1)
8 creatures vanquished.

Vanquished Creatures (others)
  A bat (D:1)
  A rat (D:1)
2 creatures vanquished.

Grand Total: 42 creatures vanquished

Notes
Turn   | Place    | Note
--------------------------------------------------------------
     0 | D:1      | PolkaDot, the Vampire Summoner, began the quest for the Orb.
     0 | D:1      | Reached XP level 1. HP: 13/13 MP: 3/3
   616 | D:1      | Reached XP level 2. HP: 2/19 MP: 1/4
  1327 | D:1      | Learned a level 2 spell: Call Imp
  1436 | D:2      | Reached skill level 5 in Summonings
  1436 | D:2      | Reached XP level 3. HP: 24/24 MP: 6/6
  1614 | D:2      | Learned a level 3 spell: Call Canine Familiar
  1928 | D:2      | Found a burning altar of Makhleb.
  1938 | D:2      | Slain by an iron imp

Action                   || total
-------------------------++-------
Melee: Unarmed           ||    30
       Dagger            ||    69
 Cast: Summon Small Mamm ||    18
       Call Imp          ||     8
       Call Canine Famil ||     1
  Use: Potion            ||     1
 Stab: Sleeping          ||     6
       Distracted        ||     1
  Eat: Corpse            ||    10
